 Dungeon Crawl Stone Soup version 0.26-a0-834-g69557b85cc (webtiles) character file.

Game seed: 1574689327917146461

2069 robertstho the Thaumaturge (level 9, -7/46 HPs)
             Began as a Deep Elf Fire Elementalist on Nov 16, 2020.
             Mangled by a yak (16 damage)
             ... on level 6 of the Dungeon.
             The game lasted 00:13:40 (7709 turns).

robertstho the Thaumaturge (DEFE)                   Turns: 7709, Time: 00:13:41

Health: -7/46      AC:  3    Str:  5    XL:     9   Next: 5%
Magic:  17/25      EV: 13    Int: 24    God:
Gold:   314        SH:  4    Dex: 15    Spells: 6/29 levels left

rFire    . . .     SeeInvis .   h - +2 spear (venom)
rCold    + . .     Faith    .   D - +1 buckler {rC+}
rNeg     . . .     Spirit   .   a - +0 robe
rPois    .         Reflect  .   (no helmet)
rElec    .         Harm     .   (no cloak)
rCorr    .         Rampage  .   y - +0 pair of gloves
MR       .....                  (no boots)
Stlth    ++........             (no amulet)
HPRegen  0.15/turn              (no ring)
MPRegen  0.19/turn              (no ring)

@: no status effects
A: no striking features
a: no special abilities


You were on level 6 of the Dungeon.
You visited 2 branches of the dungeon, and saw 7 of its levels.
You also visited: Ossuary.

You collected 314 gold pieces.

Inventory:

Hand Weapons
 e - a +0 short sword
 h - a +2 spear of venom (weapon)
 E - a +1 dagger of electrocution
Armour
 a - a +0 robe (worn)
 y - a +0 pair of gloves (worn)
 D - a +1 buckler of cold resistance (worn)
Jewellery
 o - an uncursed ring of protection from fire {unknown}
 s - an uncursed ring of stealth {unknown}
 t - an uncursed ring of positive energy {unknown}
Scrolls
 c - 4 scrolls of magic mapping {unknown}
 d - 9 scrolls of identify {unknown}
 j - a scroll of immolation {unknown}
 k - 2 scrolls of enchant armour {unknown}
 l - 3 scrolls of noise {unknown}
 n - a scroll of remove curse {unknown}
 p - 5 scrolls of teleportation {unknown}
 q - a scroll of fear {unknown}
 w - a scroll of blinking {unknown}
 x - a scroll of random uselessness {unknown}
 z - a scroll of fog {unknown}
 B - a scroll of amnesia {unknown}
Potions
 b - 2 potions of degeneration {unknown}
 f - 3 potions of flight {unknown}
 g - 3 potions of curing {unknown}
 i - 2 potions of heal wounds {unknown}
 m - 2 potions of berserk rage {unknown}
 r - 2 potions of haste {unknown}
 u - 2 potions of lignification {unknown}
 v - 4 potions of invisibility {unknown}
 A - a potion of mutation {unknown}
 C - a potion of brilliance {unknown}


   Skills:
 + Level 0.7 Fighting
 + Level 0.3 Polearms
 + Level 3.3 Dodging
 + Level 3.5 Stealth
 * Level 10.5 Spellcasting
 + Level 4.6 Conjurations
 + Level 0.3 Hexes
 * Level 8.5 Fire Magic


You had 6 spell levels left.
You knew the following spells:

 Your Spells              Type           Power        Failure   Level
a - Foxfire               Conj/Fire      ####         1%          1
b - Conjure Flame         Conj/Fire      #####...     1%          3
c - Inner Flame           Hex/Fire       ####....     4%          3
d - Fireball              Conj/Fire      #####.....   16%         5
e - Sticky Flame          Conj/Fire      #####...     5%          4
f - Magic Dart            Conj           ####         1%          1
g - Blink                 Tloc           N/A          13%         2
h - Call Imp              Summ           ##......     13%         2
i - Slow                  Hex            ##......     11%         2

Your spell library contained the following spells:

 Spells                   Type           Power        Failure   Level
 Mephitic Cloud           Conj/Pois/Air  ###.....     13%         3


Dungeon Overview and Level Annotations

Branches:
Dungeon (6/15)             Temple (1/1) D:5         Ossuary (visited)

Altars:
Ashenzari
Cheibriados
Dithmenos
Elyvilon
Fedhas
Nemelex Xobeh
Okawaru
Ru
Vehumet
Wu Jian
Xom
Yredelemnul
Zin
The Shining One


Message History

Press: ? - help, Shift-Dir - straight line, f - yak
Aim: a yak The sticky flame hits the yak!
The yak is moderately wounded.
The yak is covered in liquid flames!
The yak burns!
Unknown command.
The yak burns!
The yak burns!
The yak burns!
The yak burns!
The yak burns!
You kill the yak!
You have reached level 9!
Your experience leads to an increase in your attributes!
Increase (S)trength, (I)ntelligence, or (D)exterity?
You feel clever. The yak gores you!
* * * LOW HITPOINT WARNING * * *
You hit the yak but do no damage.
The yak is poisoned.
The yak gores you!
You die...

#.....>..#.#####.# #.#
#.#......#.#...#.# #.#
#.#.######.#.#.#.# #.#
#.#.Y......#.#.#.######.#
#.###..#####.#.#.#......#
#......#.......#.#.######
#####.#........#.#.#
#†####.###.#.#.# #.YY@..#
#.#.#.# ######## #.#...#
#.##### #.#### #....#
####.# #<# ###


You could see 2 yaks.

Vanquished Creatures
  3 yaks (D:6)
  Menkaure (D:4)
  Edmund (D:4)
  3 sky beasts
  A phantom (D:4)
  An ogre (D:5)
  2 elf zombies (Ossuary)
  A water moccasin zombie (D:5)
  A howler monkey (D:4)
  2 bullfrog skeletons (D:5)
  3 orc priests
  A human zombie (Ossuary)
  4 hounds
  2 orc wizards (D:5)
  An iguana (D:5)
  4 worker ants
  A big kobold zombie (Ossuary)
  3 hound zombies (Ossuary)
  3 mummies (Ossuary)
  Robin (D:3)
  An adder (D:5)
  A white imp (D:5)
  2 ufetubi (D:5)
  An ooze (D:1)
  6 adder zombies
  3 worms (D:2)
  3 leopard geckos
  14 orcs
  3 ball pythons (D:1)
  4 giant cockroaches
  A gnoll zombie (Ossuary)
  14 goblins
  7 hobgoblins
  7 jackals
  2 quokkas (D:5)
  5 bats
  4 frilled lizards
  6 goblin zombies (Ossuary)
  3 hobgoblin zombies (Ossuary)
  A jackal skeleton (D:5)
  4 jackal zombies (Ossuary)
  6 kobolds
  2 kobold zombies (Ossuary)
  3 orc zombies (Ossuary)
  4 quokka zombies (Ossuary)
  3 rats
149 creatures vanquished.

Vanquished Creatures (others)
  664 foxfires
664 creatures vanquished.

Grand Total: 813 creatures vanquished

Notes
Turn   | Place    | Note
-------+----------+-------------------------------------------
     0 | D:1      | robertstho the Deep Elf Fire Elementalist began the quest
                  | for the Orb.
     0 | D:1      | Reached XP level 1. HP: 10/10 MP: 6/6
   357 | D:1      | Reached XP level 2. HP: 15/15 MP: 2/8
  1161 | D:2      | Found a blossoming altar of Fedhas.
  1186 | D:2      | Found a blossoming altar of Fedhas.
  1247 | D:2      | Reached XP level 3. HP: 4/19 MP: 1/10
  1600 | D:2      | Found a glowing silver altar of Zin.
  2209 | D:3      | Reached skill level 4 in Spellcasting
  2902 | D:3      | Noticed Robin
  2920 | D:3      | Reached XP level 4. HP: 17/24 MP: 3/12
  3053 | D:3      | Killed Robin
  3267 | D:4      | Noticed Menkaure
  3276 | D:4      | Reached skill level 5 in Spellcasting
  3276 | D:4      | Killed Menkaure
  3277 | D:4      | Reached XP level 5. HP: 15/28 MP: 4/15
  3279 | D:4      | Reached skill level 6 in Spellcasting
  3292 | D:4      | Reached XP level 6. HP: 12/32 MP: 0/17
  3314 | D:4      | Found a sand-covered staircase.
  3319 | Ossuary  | Entered an ossuary
  3568 | Ossuary  | Reached skill level 5 in Fire Magic
  4294 | Ossuary  | Reached XP level 7. HP: 36/36 MP: 13/19
  4351 | Ossuary  | Reached skill level 7 in Spellcasting
  4944 | D:4      | Reached skill level 8 in Spellcasting
  4975 | D:4      | Noticed Edmund
  4996 | D:4      | Killed Edmund
  5579 | D:5      | Entered Level 5 of the Dungeon
  5647 | D:5      | Reached XP level 8. HP: 42/42 MP: 16/22
  5917 | D:5      | Reached skill level 9 in Spellcasting
  6185 | D:5      | Learned a level 3 spell: Conjure Flame
  6189 | D:5      | Learned a level 3 spell: Inner Flame
  6195 | D:5      | Learned a level 5 spell: Fireball
  6200 | D:5      | Learned a level 4 spell: Sticky Flame
  6202 | D:5      | Learned a level 1 spell: Magic Dart
  6205 | D:5      | Learned a level 2 spell: Blink
  6208 | D:5      | Learned a level 2 spell: Call Imp
  6211 | D:5      | Learned a level 2 spell: Slow
  6362 | D:5      | Found a staircase to the Ecumenical Temple.
  6412 | Temple   | Entered the Ecumenical Temple
  6777 | D:5      | Found a glowing golden altar of the Shining One.
  7659 | D:6      | Found a radiant altar of Vehumet.
  7680 | D:6      | Reached skill level 10 in Spellcasting
  7705 | D:6      | Reached XP level 9. HP: 25/46 MP: 16/25
  7709 | D:6      | Mangled by a yak

Illustrated notes

Levels and vault maps discovered:
D:1:      sevenhm_arrival_forest_fort_large_1, layout_basic,
          grunt_decor_mini_mirrors
D:2:      layout_rooms, lemuel_crystal_altar, zin_academy, fedhas_ov_isle_minmay
D:3:      kennysheep_goblin_castle, layout_loops_ring
D:4:      layout_cave_pools, enter_ossuary_5, uniq_edmund, uniq_menkaure
D:5:      layout_cave_pools, kennysheep_mini_moat, minmay_temple_entry_grid,
          glass_columns_b, kennysheep_small_spiral
D:6:      layout_basic, nicolae_overflow_crystal_walls, vehumet_altar_wand_db,
          ebering_ghost_sewer_d, okawaru_gym_becter
Temple:   jpeg_temple_alley_garden

Skill      XL: |  1  2  3  4  5  6  7  8 |
---------------+-------------------------+-----
Fire Magic     | 4 5 6 8 |  8.5
Spellcasting   | 4 5 6 8 10 | 10.5
Stealth        | 3 |  3.5
Conjurations   | 2 3 4 |  4.6
Dodging        | 3 |  3.3
Fighting       | |  0.7
Polearms       | |  0.3
Hexes          | |  0.3

Action                   |  1- 3 |  4- 6 |  7- 9 || total
-------------------------+-------+-------+-------++-------
Melee: Spear             |    25 |     4 |    18 ||    47
       Unarmed           |     1 |       |       ||     1
 Cast: Foxfire           |    94 |   129 |   174 ||   397
       Sticky Flame      |       |       |     7 ||     7
       Inner Flame       |       |       |     1 ||     1
 Stab: Sleeping          |     3 |       |       ||     3
Armor: Robe              |     3 |     3 |     8 ||    14
Dodge: Dodged            |    25 |    21 |    33 ||    79
Block: Buckler           |       |       |     1 ||     1

Table legend: (Time is in decaauts)
 A = Elapsed time spent in this place.
 B = Non-inter-level travel time spent in this place.
 C = Inter-level travel time spent in this place.
 D = Time resting spent in this place.
 E = Time spent auto-exploring this place.
 F = Levels seen in this place.
 G = Mean time per level.
                   A        B        C        D        E       F      G
               +--------+--------+--------+--------+--------+-----+--------+
         Total |   7718 |   7561 |    157 |    431 |   5939 |   8 |  964.8 |
       Dungeon |   6082 |   5965 |    117 |    265 |   4785 |   6 | 1013.7 |
        Temple |    326 |    286 |     40 |      0 |    272 |   1 |  326.0 |
       Ossuary |   1308 |   1308 |      0 |    166 |    882 |   1 | 1308.0 |
               +--------+--------+--------+--------+--------+-----+--------+

Top non-repeatable levels by time:
     D:5: 1530 daAuts
 Ossuary: 1308 daAuts
     D:3: 1277 daAuts
     D:1: 1163 daAuts
     D:4: 1013 daAuts
     D:2: 822 daAuts
  Temple: 326 daAuts
     D:6: 276 daAuts
